[Event "Wednesday Night Engine Tour 11 Rd Swiss 5m+1s Starts at 2200hrs ST"]
[Site "Infinity Chess"]
[Date "2018.4.4"]
[Round "8"]
[White "Deep_Impact"]
[Black "Seliga"]
[Result "0-1"]
[ECO "C50"]
[WhiteElo "2538"]
[BlackElo "2525"]
[WhiteEngine "kt-2016.00b"]
[BlackEngine "SF9 ''M24''_CTG"]
[EventType "Swiss"]
[WhiteTeam ""]
[BlackTeam ""]
[PlyCount "196"]
[TimeControl "300+1"]

1. e4 e5 2. Nf3 Nc6 3. Bc4 Bc5 4. O-O d6 5. c3 Nf6 6. d3 a5 7. Re1 Ba7 8. Bg5 h6 
9. Bh4 O-O 10. Nbd2 g5 11. Bg3 Nh7 12. h3 g4 13. hxg4 Bxg4 14. Kh1 Qf6 
15. Qc2 Qg7 16. Nh4 Nf6 17. Ndf3 Kh8 18. Qd2 Rg8 19. Rg1 a4 20. Rac1 Qh7 
21. b3 Bd7 22. Rgf1 Bb6 23. Bh2 axb3 24. Bxb3 Rg4 25. Rb1 Ne7 26. Rb2 Rf8 
27. a4 Bc6 28. Bd1 Rfg8 29. g3 R4g7 30. Qe1 Nd7 31. Nd2 d5 32. f3 h5 33. Bc2 Qh6 
34. exd5 Nxd5 35. Nc4 Qe6 36. Nxb6 N7xb6 37. a5 Na4 38. Bxa4 Bxa4 39. Rff2 Qh3 
40. Rg2 f6 41. d4 exd4 42. cxd4 Bc6 43. Qc1 Ra8 44. Ra2 Be8 45. Rab2 b6 
46. axb6 cxb6 47. Rg1 Rg5 48. Re2 Bf7 49. Rb2 Re8 50. Qc4 Be6 51. Qc1 Bf7 
52. Qc4 Reg8 53. Qc1 Qd7 54. Rbg2 Be8 55. Ra2 b5 56. Qc5 Qe6 57. Rga1 b4 
58. Ra6 Qh3 59. Rg1 Bf7 60. Qc1 Rc8 61. Qd2 Kg7 62. f4 Nxf4 63. Ra7 Nd5 
64. Qg2 Qg4 65. Qf3 Qe6 66. Rf1 Rc3 67. Qf2 b3 68. Nf5+ Rxf5 69. Qxf5 Qxf5 
70. Rxf5 Rc1+ 71. Bg1 b2 72. Rb7 b1=Q 73. Rxb1 Rxb1 74. Kh2 Be6 75. Rf3 Kg6 
76. Kg2 Bf5 77. Kf2 Be4 78. Ra3 Nb4 79. d5 Rb2+ 80. Kf1 Bg2+ 81. Ke1 Nc2+ 
82. Kd2 Nxa3+ 83. Kc3 Rb1 84. Bf2 Bxd5 85. Kd3 Rb3+ 86. Kd4 Rf3 87. Bg1 Rf1 
88. Bh2 Rh1 89. g4 Rxh2 90. gxh5+ Rxh5 91. Kc5 Nc2 92. Kd6 Bb7 93. Kc7 Rb5 
94. Kd6 Nb4 95. Ke6 Na6 96. Ke7 Re5+ 97. Kd6 Kf7 98. Kd7 Rd5# 0-1

[Event "Wednesday Night Engine Tour 11 Rd Swiss 5m+1s Starts at 2200hrs ST"]
[Site "Infinity Chess"]
[Date "2018.4.4"]
[Round "8"]
[White "KRAKEN"]
[Black "MCDermont"]
[Result "1/2-1/2"]
[ECO "A46"]
[WhiteElo "2561"]
[BlackElo "2541"]
[WhiteEngine "Raubfisch X38_CTG"]
[BlackEngine "BrainFish 010418 WM_CTG"]
[EventType "Swiss"]
[WhiteTeam ""]
[BlackTeam ""]
[PlyCount "73"]
[TimeControl "300+1"]

1. d4 Nf6 2. Nf3 d5 3. e3 e6 4. b3 b6 5. Bb2 Bb7 6. c4 Bd6 7. g3 dxc4 
8. bxc4 Bb4+ 9. Nc3 c5 10. Bg2 Ne4 11. Rc1 Bxc3+ 12. Bxc3 Nxc3 13. Rxc3 cxd4 
14. exd4 O-O 15. O-O Nd7 16. Qa4 h6 17. Rfc1 Nf6 18. Rd1 Qc7 19. Ne5 Bxg2 
20. Kxg2 Nd5 21. Rcd3 Ne7 22. f4 Qb7+ 23. d5 Rfd8 24. Nc6 Rd7 25. Kf2 exd5 
26. cxd5 b5 27. Qc2 Rc8 28. Nxe7+ Rxe7 29. Rc3 Rc4 30. Rxc4 bxc4 31. Qxc4 Qb2+ 
32. Kg1 Re2 33. Qc8+ Kh7 34. Qf5+ Kg8 35. Qc8+ Kh7 36. Qf5+ Kg8 37. Qc8+ 1/2-1/2

[Event "Wednesday Night Engine Tour 11 Rd Swiss 5m+1s Starts at 2200hrs ST"]
[Site "Infinity Chess"]
[Date "2018.4.4"]
[Round "8"]
[White "RonWeasley"]
[Black "THE_MACHINE"]
[Result "1/2-1/2"]
[ECO "D30"]
[WhiteElo "2535"]
[BlackElo "2590"]
[WhiteEngine "BrainFish 010418 WM_CTG"]
[BlackEngine "BrainFish_180401_x64_bmi2"]
[EventType "Swiss"]
[WhiteTeam ""]
[BlackTeam ""]
[PlyCount "105"]
[TimeControl "300+1"]

1. d4 d5 2. c4 e6 3. Nf3 Nf6 4. Nc3 dxc4 5. e4 Bb4 6. Bg5 c5 7. Bxc4 cxd4 
8. Nxd4 Bxc3+ 9. bxc3 Qa5 10. Bb5+ Bd7 11. Bxf6 gxf6 12. Bxd7+ Nxd7 13. O-O a6 
14. Rb1 Qc7 15. Qh5 Nc5 16. Rb4 Qe5 17. Qh4 Rd8 18. Rfb1 h5 19. Rc4 Qxe4 
20. Qxe4 Nxe4 21. Nxe6 fxe6 22. Rxe4 Rd6 23. g3 Rh7 24. Rf4 Rf7 25. Rh4 Rd5 
26. Rf4 Rd6 27. Kf1 Rc6 28. Rh4 Rc5 29. Rb6 Re7 30. a4 Kf7 31. Rhb4 Rcc7 
32. c4 Kg6 33. Rd6 a5 34. Rb5 Rxc4 35. Rxa5 h4 36. Kg2 e5 37. Ra8 hxg3 
38. hxg3 e4 39. Rg8+ Kf5 40. Rb6 Rxa4 41. Rb5+ Ke6 42. Rb6+ Kf7 43. Rh8 Kg6 
44. Rf8 Kg7 45. Rfxf6 e3 46. Rg6+ Kh7 47. fxe3 Rxe3 48. Kh3 Ra6 49. Kh4 Rxb6 
50. Rxb6 Re7 51. g4 Re3 52. Rxb7+ Kg6 53. Rb6+ 1/2-1/2

[Event "Wednesday Night Engine Tour 11 Rd Swiss 5m+1s Starts at 2200hrs ST"]
[Site "Infinity Chess"]
[Date "2018.4.4"]
[Round "7"]
[White "klasman"]
[Black "KULLANI"]
[Result "1/2-1/2 "]
[ECO "D43"]
[WhiteElo "2456"]
[BlackElo "2430"]
[WhiteEngine "SugaR.XPrO.1.4.64.POCNT"]
[BlackEngine "BrainFish_180329_x64"]
[EventType "Swiss"]
[WhiteTeam ""]
[BlackTeam ""]
[PlyCount "198"]
[TimeControl "300+1"]

1. d4 d5 2. c4 e6 3. Nc3 Nf6 4. Nf3 c6 5. Bg5 h6 6. Bxf6 Qxf6 7. e3 Nd7 
8. Bd3 Qd8 9. O-O Be7 10. Rc1 O-O 11. Qc2 dxc4 12. Bxc4 b6 13. Rfd1 Bb7 
14. Bd3 a6 15. h3 Qb8 16. Bh7+ Kh8 17. Be4 Kg8 18. Qb1 Rc8 19. Bh7+ Kh8 
20. Be4 Kg8 21. Bd3 a5 22. Bh7+ Kh8 23. Be4 Kg8 24. Nd2 Rd8 25. Bf3 a4 26. a3 b5 
27. Be2 Qa7 28. Nf3 Rac8 29. Qc2 Qb8 30. Ne1 g6 31. Rd2 Kg7 32. Rcd1 Nb6 
33. Qb1 Qa8 34. Qc1 Nd7 35. Qc2 Nb6 36. Ne4 Nd7 37. Qc3 Kg8 38. Nc5 Nxc5 
39. dxc5 Rxd2 40. Rxd2 Bf8 41. Nf3 Rd8 42. Ne5 Qc8 43. Rxd8 Qxd8 44. f4 Qe7 
45. Nd3 Bg7 46. Qa5 g5 47. Qb4 Qd8 48. Ne5 f6 49. Ng6 Kh7 50. Qe4 Qd5 
51. Qxd5 exd5 52. f5 Bc8 53. Bd3 Bd7 54. e4 dxe4 55. Bxe4 h5 56. Kf2 Kh6 
57. Ke2 Be8 58. Ne7 Bf8 59. Bxc6 Bf7 60. Bd5 Bxe7 61. Bxf7 Bxc5 62. Kd3 g4 
63. Be8 gxh3 64. gxh3 b4 65. axb4 Bxb4 66. Bxa4 Bd6 67. Ke4 Kg5 68. Be8 Bb4 
69. Ba4 Bf8 70. Bd7 Kh4 71. Be8 Bb4 72. Kd5 Kxh3 73. Bxh5 Kg3 74. Ke6 Kh4 
75. Be2 Kg5 76. Bd3 Be1 77. b3 Bb4 78. Bf1 Bc3 79. Bd3 Bb4 80. Be4 Bd2 
81. Bc6 Bb4 82. Bb5 Bc3 83. Ba6 Bb4 84. Bb5 Be1 85. Bc4 Bc3 86. Bd5 Kf4 
87. Bc6 Ke3 88. Kd5 Kf4 89. Bd7 Bd2 90. Bc8 Be1 91. Kc5 Bf2+ 92. Kc6 Be1 
93. Kc5 Bf2+ 94. Kc6 Be1 95. Kd5 Bd2 96. Be6 Be1 97. Kd4 Bf2+ 98. Kd5 Be1 
99. Kc5 Bf2+ 1/2-1/2

[Event "Wednesday Night Engine Tour 11 Rd Swiss 5m+1s Starts at 2200hrs ST"]
[Site "Infinity Chess"]
[Date "2018.4.4"]
[Round "7"]
[White "star99"]
[Black "KillBill2017"]
[Result "1/2-1/2"]
[ECO "C77"]
[WhiteElo "2476"]
[BlackElo "2504"]
[WhiteEngine "Cryptic Heroes 9.3B"]
[BlackEngine "Raubfisch ME262_GTZ17_CTG"]
[EventType "Swiss"]
[WhiteTeam ""]
[BlackTeam ""]
[PlyCount "145"]
[TimeControl "300+1"]

1. e4 e5 2. Nf3 Nc6 3. Bb5 a6 4. Ba4 Nf6 5. d3 Bc5 6. O-O b5 7. Bb3 d6 8. c3 O-O 
9. Nbd2 Bb6 10. a4 Rb8 11. Re1 h6 12. axb5 axb5 13. h3 Ne7 14. Nf1 c5 
15. Bd2 Ng6 16. Ng3 Re8 17. c4 bxc4 18. Bxc4 Be6 19. Ra6 Qc8 20. Qc1 Re7 
21. Ra3 Rc7 22. Bc3 Qd8 23. Qc2 Rcb7 24. Nf1 Nf4 25. Ne3 Bc7 26. Qd1 Ra8 
27. Bxe6 fxe6 28. h4 Ng6 29. Qc2 Rxa3 30. bxa3 Qd7 31. a4 Ra7 32. Ra1 Qc6 
33. g3 d5 34. Bb2 Ra8 35. Ra3 Qd6 36. Qe2 Ra6 37. h5 Nxh5 38. Ng4 Qb6 
39. Qc2 Bd6 40. d4 c4 41. Re3 Ne7 42. exd5 e4 43. Rxe4 exd5 44. Re6 Qb3 
45. Qxb3 cxb3 46. Nfe5 Nf5 47. Re8+ Kh7 48. Nf7 Rxa4 49. Rh8+ Kg6 50. Nfe5+ Bxe5 
51. Nxe5+ Kf6 52. Rf8+ Ke6 53. g4 Nd6 54. gxh5 Ra2 55. Nd3 Nc4 56. Bc3 Rc2 
57. Nf4+ Kd6 58. Bb4+ Kc6 59. Nd3 b2 60. Nxb2 Rxb2 61. Be7 Nd6 62. Bxd6 Kxd6 
63. Rf7 Rd2 64. Rxg7 Rd1+ 65. Kg2 Rxd4 66. Rg6+ Ke5 67. Rxh6 Rh4 68. Kg3 Rh1 
69. Rh8 d4 70. f3 d3 71. Rd8 d2 72. Rxd2 Rxh5 73. Kg4 1/2-1/2

[Event "Wednesday Night Engine Tour 11 Rd Swiss 5m+1s Starts at 2200hrs ST"]
[Site "Infinity Chess"]
[Date "2018.4.4"]
[Round "7"]
[White "MrScience"]
[Black "SkyPilot"]
[Result "0-1"]
[ECO "A53"]
[WhiteElo "2505"]
[BlackElo "2494"]
[WhiteEngine "cfish"]
[BlackEngine "stockfish_x64_bmi2_2018_03_30_CTG"]
[EventType "Swiss"]
[WhiteTeam ""]
[BlackTeam ""]
[PlyCount "176"]
[TimeControl "300+1"]

1. d4 Nf6 2. c4 d6 3. Nf3 g6 4. Nc3 Bg7 5. e4 O-O 6. Be3 e5 7. d5 a5 8. Be2 Na6 
9. Nd2 Nd7 10. O-O f5 11. f3 Qh4 12. Qc2 Ndc5 13. a3 Bh6 14. Bf2 Qf6 15. Rae1 a4 
16. Kh1 Bd7 17. exf5 gxf5 18. g3 Rae8 19. Bg1 Kh8 20. Bd1 Rg8 21. Bf2 c6 
22. Be2 Bg5 23. Rd1 Qh6 24. Rg1 Ref8 25. Rg2 Rg7 26. h4 Nc7 27. Nf1 cxd5 
28. cxd5 Nb3 29. Bc4 b5 30. Bxb3 axb3 31. Qxb3 Rfg8 32. Rh2 Bf6 33. Re1 Qh5 
34. Nd2 Qf7 35. Ra1 Bc8 36. h5 Bb7 37. Rd1 Nxd5 38. Nxb5 Qe6 39. h6 Rd7 
40. a4 Bg5 41. Nc3 Re7 42. Kg1 Rg6 43. Nxd5 Bxd5 44. Qd3 Bb7 45. Qe2 Qg8 
46. b3 Qa8 47. Kg2 Bxd2 48. Rxd2 f4 49. Rh4 fxg3 50. Bxg3 Qg8 51. Qf2 Qf8 
52. Rh3 Rc7 53. Qe3 Rf7 54. Rf2 Bc8 55. Rh4 Rf4 56. Rg4 Bxg4 57. fxg4 Qa8+ 
58. Rf3 Rfxg4 59. Kf2 Kg8 60. Qc3 Rxh6 61. Qc7 Rg7 62. Qc2 Rh1 63. Ke2 Rg4 
64. Bf2 Re4+ 65. Kd2 Rh2 66. Kc1 Re1+ 67. Kd2 Rxf2+ 68. Rxf2 Qa5+ 69. Qc3 Rd1+ 
70. Kc2 Rc1+ 71. Kxc1 Qxc3+ 72. Rc2 Qxb3 73. a5 e4 74. a6 Qa3+ 75. Kb1 Qxa6 
76. Rg2+ Kf7 77. Rf2+ Ke6 78. Rb2 Qd3+ 79. Rc2 e3 80. Kb2 e2 81. Rc1 Qd2+ 
82. Kb1 Kd5 83. Rg1 Kc4 84. Rg4+ Kb3 85. Rg3+ Qc3 86. Rxc3+ Kxc3 87. Ka1 Kb3 
88. Kb1 e1=Q# 0-1

[Event "Wednesday Night Engine Tour 11 Rd Swiss 5m+1s Starts at 2200hrs ST"]
[Site "Infinity Chess"]
[Date "2018.4.4"]
[Round "7"]
[White "Murx"]
[Black "ocirema"]
[Result "1/2-1/2"]
[ECO "C50"]
[WhiteElo "2496"]
[BlackElo "2483"]
[WhiteEngine "BrainFish_180329_x64_modern"]
[BlackEngine "asmFishW_2018-04-01_popcnt_CTG"]
[EventType "Swiss"]
[WhiteTeam ""]
[BlackTeam ""]
[PlyCount "106"]
[TimeControl "300+1"]

1. e4 e5 2. Nf3 Nc6 3. Bc4 Bc5 4. O-O Nf6 5. d3 d6 6. c3 a5 7. Re1 h6 8. h3 O-O 
9. Nbd2 Be6 10. a4 Ba7 11. b3 d5 12. exd5 Nxd5 13. Ne4 Re8 14. Bd2 Nf6 
15. Qe2 Qe7 16. Bb5 Bxb3 17. c4 Nxe4 18. Qxe4 Rad8 19. Bxc6 bxc6 20. Bc3 Qd6 
21. Bxe5 Qxd3 22. Qg4 Qg6 23. Qxg6 fxg6 24. Bxc7 Rxe1+ 25. Rxe1 Rd1 
26. Bxa5 Rxe1+ 27. Bxe1 Bxa4 28. Bc3 g5 29. Ne5 Bb6 30. Kf1 Bb3 31. Ke2 Ba2 
32. f3 c5 33. Bb2 Bc7 34. Kd3 Bb1+ 35. Kd2 Bf5 36. Nd3 Ba5+ 37. Ke3 Be6 
38. Nxc5 Bxc4 39. Bd4 Bc7 40. Kf2 Kf7 41. Ne4 Bf4 42. Bc5 Kg6 43. Bd6 Be6 
44. Bxf4 gxf4 45. h4 Kf5 46. g3 fxg3+ 47. Nxg3+ Kf4 48. Nh5+ Ke5 49. f4+ Ke4 
50. Nxg7 Kxf4 51. Nxe6+ Kf5 52. Nd4+ Kf4 53. Kg2 Kg4 1/2-1/2

[Event "Wednesday Night Engine Tour 11 Rd Swiss 5m+1s Starts at 2200hrs ST"]
[Site "Infinity Chess"]
[Date "2018.4.4"]
[Round "7"]
[White "MCDermont"]
[Black "MarioDeMonti"]
[Result "1/2-1/2"]
[ECO "E32"]
[WhiteElo "2541"]
[BlackElo "2535"]
[WhiteEngine "BrainFish 010418 WM_CTG"]
[BlackEngine "stockfish_x64_bmi2_2018_02_18_CTG"]
[EventType "Swiss"]
[WhiteTeam ""]
[BlackTeam ""]
[PlyCount "68"]
[TimeControl "300+1"]

1. d4 Nf6 2. c4 e6 3. Nc3 Bb4 4. Qc2 O-O 5. e4 d5 6. e5 Ne4 7. Bd3 c5 
8. Nf3 cxd4 9. Nxd4 Nd7 10. Bf4 Qh4 11. g3 Qh5 12. O-O g5 13. cxd5 Bxc3 
14. bxc3 exd5 15. Bxe4 dxe4 16. e6 gxf4 17. exd7 Bxd7 18. Qxe4 fxg3 19. fxg3 Bh3 
20. Rf3 Rfe8 21. Qxb7 Rab8 22. Qc6 Qg5 23. Rf2 Rbc8 24. Qf3 Re7 25. Nc6 Rec7 
26. Re1 Bg4 27. Qf4 Qxf4 28. Rxf4 Be6 29. Nd4 Bxa2 30. Ra1 Bc4 31. Nf5 Be6 
32. Nd4 Bc4 33. Nf5 Be6 34. Nd4 Bc4 1/2-1/2

[Event "Wednesday Night Engine Tour 11 Rd Swiss 5m+1s Starts at 2200hrs ST"]
[Site "Infinity Chess"]
[Date "2018.4.4"]
[Round "7"]
[White "Seliga"]
[Black "RonWeasley"]
[Result "1/2-1/2"]
[ECO "C11"]
[WhiteElo "2525"]
[BlackElo "2535"]
[WhiteEngine "SF9 ''M24''_CTG"]
[BlackEngine "BrainFish 010418 WM_CTG"]
[EventType "Swiss"]
[WhiteTeam ""]
[BlackTeam ""]
[PlyCount "115"]
[TimeControl "300+1"]

1. e4 e6 2. d4 d5 3. Nc3 Nf6 4. e5 Nfd7 5. f4 c5 6. Nf3 Nc6 7. Be3 cxd4 
8. Nxd4 Qb6 9. Qd2 Qxb2 10. Rb1 Qa3 11. Bb5 Nxd4 12. Bxd4 a6 13. Bxd7+ Bxd7 
14. Rb3 Qe7 15. Rxb7 Rc8 16. O-O Qd8 17. f5 exf5 18. Qd3 Bc5 19. Bxc5 Rxc5 
20. Nxd5 Bc8 21. Re7+ Kf8 22. Qa3 Qa5 23. Qxa5 Rxa5 24. Rc7 Be6 25. Nf4 Rxe5 
26. Nxe6+ Rxe6 27. Rxf5 Re7 28. Rc8+ Re8 29. Rfc5 Ke7 30. R8c6 g6 31. a4 Ra8 
32. Rc7+ Kf6 33. Rc3 Kg7 34. Rf3 Rhf8 35. c4 Rab8 36. c5 Rb4 37. a5 Ra4 
38. c6 Rxa5 39. Rd7 Rc5 40. c7 h5 41. Kf2 a5 42. g3 a4 43. h3 Rc1 44. Ke2 Rc2+ 
45. Kd3 Rc1 46. Kd2 Rc6 47. g4 hxg4 48. hxg4 g5 49. Rf5 Rc8 50. Rfxf7+ Kg6 
51. Rfe7 Kf6 52. Kd3 a3 53. Kd4 a2 54. Rf7+ Kg6 55. Rg7+ Kf6 56. Rgf7+ Kg6 
57. Rg7+ Kf6 58. Rgf7+ 1/2-1/2

[Event "Wednesday Night Engine Tour 11 Rd Swiss 5m+1s Starts at 2200hrs ST"]
[Site "Infinity Chess"]
[Date "2018.4.4"]
[Round "7"]
[White "OlivierEvan"]
[Black "KRAKEN"]
[Result "1/2-1/2"]
[ECO "C26"]
[WhiteElo "2475"]
[BlackElo "2565"]
[WhiteEngine "Houdini 6"]
[BlackEngine "Raubfisch X38_CTG"]
[EventType "Swiss"]
[WhiteTeam ""]
[BlackTeam ""]
[PlyCount "93"]
[TimeControl "300+1"]

1. e4 e5 2. Nc3 Nf6 3. g3 Bc5 4. Bg2 Nc6 5. Nge2 O-O 6. O-O Re8 7. Nd5 Nxd5 
8. exd5 Ne7 9. d4 exd4 10. Nxd4 d6 11. a4 a5 12. Re1 Ng6 13. Be3 Qf6 14. h3 Bd7 
15. c3 Re7 16. Qd2 Rae8 17. b3 h6 18. Kh2 Ne5 19. f4 Ng6 20. Bf2 Rxe1 
21. Rxe1 Rxe1 22. Qxe1 Kf8 23. Qd2 h5 24. h4 Ne7 25. b4 Bb6 26. bxa5 Bxa5 
27. Qb2 Bc8 28. Bh3 Bxh3 29. Kxh3 b6 30. Qb3 Qg6 31. c4 Qe4 32. Kh2 Ng8 
33. Qf3 Qxf3 34. Nxf3 Nf6 35. Nd4 Ne4 36. Kg2 Ke8 37. Be3 Kd7 38. Kf3 Nc3 
39. Ne2 Nxe2 40. Kxe2 f5 41. Bd4 g6 42. Bf2 c5 43. Kd3 Kc7 44. Ke3 Kd7 
45. Kd3 Bb4 46. Kc2 Ba5 47. Kd3 1/2-1/2

[Event "Wednesday Night Engine Tour 11 Rd Swiss 5m+1s Starts at 2200hrs ST"]
[Site "Infinity Chess"]
[Date "2018.4.4"]
[Round "7"]
[White "THE_MACHINE"]
[Black "Deep_Impact"]
[Result "1/2-1/2"]
[ECO "C50"]
[WhiteElo "2592"]
[BlackElo "2536"]
[WhiteEngine "BrainFish_180401_x64_bmi2"]
[BlackEngine "kt-2016.00b"]
[EventType "Swiss"]
[WhiteTeam ""]
[BlackTeam ""]
[PlyCount "99"]
[TimeControl "300+1"]

1. e4 e5 2. Nf3 Nc6 3. Bc4 Bc5 4. O-O Nf6 5. d3 d6 6. c3 a5 7. Nbd2 O-O 
8. Re1 h6 9. Nf1 Be6 10. Bb5 Ne7 11. h3 Ba7 12. Ng3 c6 13. Ba4 b5 14. Bc2 a4 
15. d4 Ng6 16. Bd2 Bb6 17. Be3 Re8 18. b3 axb3 19. axb3 Rxa1 20. Qxa1 Qc7 
21. b4 Qb7 22. Qb1 Ra8 23. Bb3 Bxb3 24. Qxb3 Qa7 25. Nf5 d5 26. exd5 Nxd5 
27. dxe5 Nxe3 28. Nxe3 Qa2 29. Qc2 Qxc2 30. Nxc2 Nf4 31. Nfd4 Ra2 32. Kf1 Nd5 
33. e6 Kf8 34. Re5 g6 35. Nxc6 Nxc3 36. N6d4 f6 37. Re1 Rb2 38. Ra1 f5 
39. h4 Ke7 40. h5 gxh5 41. g3 Nd5 42. Re1 Bxd4 43. Nxd4 Kf6 44. Nxb5 Rxb4 
45. Nd6 h4 46. Ne8+ Ke7 47. Ng7 Kf6 48. Ne8+ Ke7 49. Ng7 Kf6 50. Ne8+ 1/2-1/2

[Event "Wednesday Night Engine Tour 11 Rd Swiss 5m+1s Starts at 2200hrs ST"]
[Site "Infinity Chess"]
[Date "2018.4.4"]
[Round "6"]
[White "Murx"]
[Black "star99"]
[Result "1/2-1/2"]
[ECO "C42"]
[WhiteElo "2497"]
[BlackElo "2475"]
[WhiteEngine "BrainFish_180329_x64_modern"]
[BlackEngine "Cryptic Heroes 9.3B"]
[EventType "Swiss"]
[WhiteTeam ""]
[BlackTeam ""]
[PlyCount "148"]
[TimeControl "300+1"]

1. e4 e5 2. Nf3 Nf6 3. Nxe5 d6 4. Nf3 Nxe4 5. d4 d5 6. Bd3 Nc6 7. O-O Be7 
8. c4 Nb4 9. Be2 dxc4 10. Bxc4 O-O 11. Nc3 Nd6 12. Bb3 Bf6 13. Ne5 Nc6 
14. Bf4 Be6 15. Nxc6 bxc6 16. d5 cxd5 17. Bxd5 Rb8 18. Bxe6 fxe6 19. Qe2 Qd7 
20. Be3 Bxc3 21. bxc3 a5 22. Bd4 Rbe8 23. Be5 Qc6 24. Rad1 Rf5 25. Rfe1 Nc4 
26. Bg3 Rc5 27. h3 Nd6 28. Rd3 Rxc3 29. Rxc3 Qxc3 30. Be5 Qc6 31. Qg4 g6 
32. Qf4 Rf8 33. Qh6 Nf5 34. Qc1 Qxc1 35. Rxc1 Rd8 36. Kf1 Rd5 37. Bxc7 Kf7 
38. a4 Rd4 39. Ra1 Rd5 40. Bb6 h5 41. Rc1 Nd4 42. Rc7+ Kf6 43. Rc8 Kf5 
44. Rf8+ Ke4 45. Rg8 Kf5 46. Ra8 Nb3 47. Ke2 Ke4 48. f3+ Kf4 49. Rg8 e5 
50. Rxg6 Rd2+ 51. Kf1 Ra2 52. Kg1 e4 53. Bc7+ Ke3 54. fxe4 Nd2 55. h4 Rxa4 
56. e5 Ra1+ 57. Kh2 Nf1+ 58. Kh3 Ra3 59. g3 Ra2 60. Bb6+ Ke4 61. Bg1 Nd2 
62. g4 Ra3+ 63. Kg2 Nf3 64. Bf2 Nxe5 65. gxh5 Nxg6 66. hxg6 Rb3 67. Bc5 Rb8 
68. g7 Rg8 69. Bf8 a4 70. h5 Kf5 71. h6 Kg6 72. Kf1 Kxh6 73. Ke2 a3 
74. Bxa3 Kxg7 1/2-1/2

[Event "Wednesday Night Engine Tour 11 Rd Swiss 5m+1s Starts at 2200hrs ST"]
[Site "Infinity Chess"]
[Date "2018.4.4"]
[Round "6"]
[White "KULLANI"]
[Black "MrScience"]
[Result "1/2-1/2"]
[ECO "C50"]
[WhiteElo "2427"]
[BlackElo "2508"]
[WhiteEngine "BrainFish_180329_x64"]
[BlackEngine "cfish"]
[EventType "Swiss"]
[WhiteTeam ""]
[BlackTeam ""]
[PlyCount "212"]
[TimeControl "300+1"]

1. e4 e5 2. Nf3 Nc6 3. Bc4 Bc5 4. O-O Nf6 5. d3 d6 6. c3 O-O 7. Bg5 h6 8. Bh4 a5 
9. Nbd2 Ba7 10. a3 g5 11. Nxg5 hxg5 12. Bxg5 Kg7 13. Qf3 Rh8 14. Rfe1 Be6 
15. d4 Kg6 16. Qxf6+ Qxf6 17. Bxf6 Kxf6 18. d5 Bd7 19. dxc6 bxc6 20. b4 a4 
21. Nf1 Rh4 22. Rad1 Rah8 23. Rd2 Bb6 24. Bd3 c5 25. h3 cxb4 26. cxb4 Bd4 
27. Ne3 c6 28. Rb1 Rg8 29. Kf1 Be6 30. Bc2 Ra8 31. Bd3 Rb8 32. Rc1 Bd7 
33. Nc2 Bb6 34. Re1 Be6 35. Ne3 Bd4 36. Rb1 c5 37. b5 Bxe3 38. fxe3 Bb3 
39. Rc1 Ke7 40. Rc3 c4 41. Be2 Rxb5 42. Bf3 Rh8 43. Kg1 Rc5 44. Kh2 f6 
45. g4 Rc7 46. Kg3 Rc5 47. h4 Rb8 48. Rf2 Ke6 49. Be2 Ke7 50. Bf3 Rc7 
51. Rh2 Kf7 52. Rd2 Rc6 53. Kg2 Ke6 54. Kf2 Rh8 55. Kg3 Rb8 56. Be2 Rg8 
57. Bf3 Rb6 58. Rd5 Ba2 59. Rd2 Bb3 60. Be2 Rc6 61. Kg2 Rb8 62. Kh3 Kf7 
63. Kg3 Kg7 64. Kf2 Rh8 65. Kg3 Rb8 66. Rb2 Kf7 67. Bf1 Rc5 68. Rd2 Rc6 
69. Rf2 Kg7 70. Rd2 Rcb6 71. Bg2 Rc6 72. Bf1 Rcb6 73. Bh3 Ra8 74. Rb2 Rbb8 
75. Bg2 Rc8 76. Bf1 Rcb8 77. Bg2 Rc8 78. Bf3 Rcb8 79. Rd2 Rb6 80. Rb2 Rc6 
81. Rd2 Rb6 82. Rb2 Rc8 83. Rf2 Rcb8 84. Bg2 Rh8 85. Bf3 Rc8 86. Rg2 Rbb8 
87. Rb2 Rb6 88. Bg2 Rcb8 89. Rf2 Rc8 90. Bf1 Bd1 91. Rd2 Rb1 92. Rxc4 Rxc4 
93. Bxc4 Bb3 94. Bd5 Rg1+ 95. Kf3 Rh1 96. g5 fxg5 97. Bxb3 axb3 98. hxg5 Rb1 
99. Ke2 Ra1 100. Kd3 Rxa3 101. Kc3 b2+ 102. Kxb2 Rxe3 103. Rxd6 Rxe4 
104. Kc3 Rg4 105. Kd3 Rxg5 106. Kc4 Rg6 1/2-1/2

[Event "Wednesday Night Engine Tour 11 Rd Swiss 5m+1s Starts at 2200hrs ST"]
[Site "Infinity Chess"]
[Date "2018.4.4"]
[Round "6"]
[White "ocirema"]
[Black "SkyPilot"]
[Result "1/2-1/2"]
[ECO "C50"]
[WhiteElo "2483"]
[BlackElo "2494"]
[WhiteEngine "asmFishW_2018-04-01_popcnt_CTG"]
[BlackEngine "stockfish_x64_bmi2_2018_03_30_CTG"]
[EventType "Swiss"]
[WhiteTeam ""]
[BlackTeam ""]
[PlyCount "60"]
[TimeControl "300+1"]

1. e4 e5 2. Nf3 Nc6 3. Bc4 Bc5 4. O-O Nf6 5. d3 d6 6. c3 O-O 7. h3 a5 
8. Nbd2 Be6 9. Bb5 h6 10. Re1 Qb8 11. Nf1 Qa7 12. Re2 a4 13. Ng3 Qa5 
14. Bxc6 bxc6 15. Nh4 Rfe8 16. Re1 d5 17. exd5 Nxd5 18. Nhf5 Qb6 19. Qg4 Bxf2+ 
20. Kh1 g6 21. Re2 Nf4 22. Bxf4 Bxf5 23. Nxf5 exf4 24. Rxe8+ Rxe8 25. Nxh6+ Kg7 
26. Rf1 Be3 27. Nf5+ Kg8 28. Nh6+ Kg7 29. Nf5+ Kg8 30. Nh6+ Kg7 1/2-1/2

[Event "Wednesday Night Engine Tour 11 Rd Swiss 5m+1s Starts at 2200hrs ST"]
[Site "Infinity Chess"]
[Date "2018.4.4"]
[Round "6"]
[White "KillBill2017"]
[Black "MCDermont"]
[Result "1/2-1/2"]
[ECO "C11"]
[WhiteElo "2502"]
[BlackElo "2543"]
[WhiteEngine "Raubfisch ME262_GTZ17_CTG"]
[BlackEngine "BrainFish 010418 WM_CTG"]
[EventType "Swiss"]
[WhiteTeam ""]
[BlackTeam ""]
[PlyCount "110"]
[TimeControl "300+1"]

1. e4 e6 2. d4 d5 3. Nc3 Nf6 4. e5 Nfd7 5. f4 c5 6. Nf3 Nc6 7. Be3 cxd4 
8. Nxd4 Qb6 9. Qd2 Qxb2 10. Rb1 Qa3 11. Bb5 Nxd4 12. Bxd4 a6 13. Rb3 Qe7 
14. Ba4 g6 15. O-O Bg7 16. Bxd7+ Qxd7 17. Bc5 b5 18. Qd4 Qc7 19. a4 Bd7 
20. axb5 Rc8 21. Bb4 axb5 22. Ra1 Qc4 23. Qxc4 bxc4 24. Rb2 Rb8 25. Bd6 Rxb2 
26. Ra8+ Bc8 27. Rxc8+ Kd7 28. Rc7+ Kd8 29. Rxf7 Bf8 30. Bxf8 Ke8 31. Ba3 Kxf7 
32. Bxb2 Rb8 33. Ba3 Ra8 34. Bb4 Ra1+ 35. Kf2 Rc1 36. Ne2 Rxc2 37. Bc3 h5 
38. g3 Ra2 39. h3 Ke7 40. g4 hxg4 41. hxg4 Rc2 42. Ke3 Kf7 43. Bb4 Rb2 
44. Bc3 Rc2 45. Bd4 Ke8 46. Bc5 Kf7 47. f5 gxf5 48. gxf5 exf5 49. Nf4 Rc3+ 
50. Kd2 Rb3 51. e6+ Kf6 52. Bd4+ Ke7 53. Bc5+ Kf6 54. Bd4+ Ke7 55. Bc5+ Kf6 
1/2-1/2

[Event "Wednesday Night Engine Tour 11 Rd Swiss 5m+1s Starts at 2200hrs ST"]
[Site "Infinity Chess"]
[Date "2018.4.4"]
[Round "6"]
[White "THE_MACHINE"]
[Black "klasman"]
[Result "1-0"]
[ECO "B90"]
[WhiteElo "2580"]
[BlackElo "2468"]
[WhiteEngine "BrainFish_180401_x64_bmi2"]
[BlackEngine "SugaR.XPrO.1.4.64.POCNT"]
[EventType "Swiss"]
[WhiteTeam ""]
[BlackTeam ""]
[PlyCount "197"]
[TimeControl "300+1"]

1. e4 c5 2. Nf3 d6 3. d4 cxd4 4. Nxd4 Nf6 5. Nc3 a6 6. Be3 e5 7. Nb3 Be6 
8. Be2 Be7 9. Qd3 O-O 10. O-O Nbd7 11. Nd5 Bxd5 12. exd5 Rc8 13. c4 Ne8 
14. a4 g6 15. a5 f5 16. Qc3 Bg5 17. Rfe1 Bxe3 18. Qxe3 Rb8 19. Reb1 Nef6 
20. Nd2 b6 21. Qa3 Qe7 22. b4 bxa5 23. Qxa5 e4 24. Qa3 f4 25. Re1 Qe5 
26. Bf1 Rfe8 27. Nf3 Qh5 28. Nd4 Ne5 29. h3 Qg5 30. Ra2 e3 31. f3 Qg3 
32. Rb1 Nf7 33. Rba1 Qg5 34. Qxa6 Nh5 35. b5 Ng3 36. Qa4 Qf6 37. Qd1 Rb7 
38. Ne6 Rbb8 39. Be2 Nd8 40. Nd4 Nb7 41. Nc6 Rbc8 42. b6 Rf8 43. Kh2 Rce8 
44. Nd4 Rb8 45. Ra7 Nc5 46. Ne6 Rfe8 47. Rg7+ Qxg7 48. Nxg7 Kxg7 49. Ra7+ Kg8 
50. Qa1 Nf5 51. Qa5 Rf8 52. Rc7 Ra8 53. Qb5 Rab8 54. Qc6 Rfd8 55. b7 Nd4 
56. Qb6 Nxe2 57. Qb2 Nd4 58. Qxd4 Rd7 59. Rxc5 dxc5 60. Qxf4 Rdxb7 61. Qxe3 Rd8 
62. Qxc5 Rbd7 63. Qe3 Kf8 64. Qb6 Rd6 65. Qb4 Kg8 66. c5 Rxd5 67. Qb6 Kg7 
68. c6 Rf8 69. c7 Rd7 70. Qe6 Rdf7 71. c8=R Rxc8 72. Qxc8 Re7 73. Qd8 Rf7 
74. h4 Rf5 75. Qd7+ Rf7 76. Qxf7+ Kxf7 77. Kh3 Kf6 78. Kg4 Kg7 79. h5 Kh6 
80. hxg6 Kxg6 81. f4 Kf6 82. f5 h5+ 83. Kf4 h4 84. Kg4 Ke7 85. Kxh4 Kf6 
86. g4 Ke5 87. Kg5 Kd6 88. Kg6 Ke5 89. f6 Kd4 90. Kf5 Kd3 91. g5 Kc2 92. f7 Kb1 
93. f8=Q Kc2 94. Qb4 Kd3 95. g6 Kc2 96. g7 Kd3 97. g8=Q Kc2 98. Qg2+ Kd3 
99. Qgd2# 1-0